 Dungeon Sprint DCSS version bcrawl-1.31.3 (webtiles) character file.

Game seed: 4264522239295468490

2133165 pasperui the Basher (level 11, -1/130 HPs)
             Began as an Ent Fighter on Apr 5, 2021.
             Was the Champion of Cheibriados.
             Killed from afar by a deep elf mage (30 damage)
             ... with a bolt of lightning
             ... in the Dungeon (Sprint VII: "The Pits").
             The game lasted 00:09:07 (767 turns).

pasperui the Basher (Ent Fighter)                    Turns: 767, Time: 00:09:07

Health: -1/130     AC: 19    Str: 44    XL:     11   Next: 15%
Magic:  19/19      EV: 21    Int: 24    God:    Cheibriados [******]
Gold:   0          SH: 14    Dex: 25    Spells: 10/10 levels left

rFire    . . .     SeeInvis .   v - +2 morningstar (protect)
rCold    . . .     Gourm    .   b - +0 medium shield
rNeg     + + +     Faith    .   (armour unavailable)
rPois    +         Spirit   .   (helmet restricted)
rElec    .         Reflect  .   u - +0 cloak
rCorr    .         Harm     .   (gloves unavailable)
MR       +....     NoTele   +   (boots unavailable)
Stlth    ++++......             (no amulet)
HPRegen  0.31/turn              k - +3 ring of evasion
MPRegen  0.16/turn              l - +3 ring of strength

@: slowed, very slow
A: large, slow actions, passwall, strong branches, negative energy resistance 3,
poison resistance, slow metabolism 1, torment resistance, unbreathing, AC +18
a: Passwall, Bend Time, Temporal Distortion, Slouch, Step From Time, Renounce
Religion


You were in the Dungeon.
You worshipped Cheibriados.
Cheibriados was exalted by your worship.
You were not hungry.

You visited 1 branch

Inventory:

Hand Weapons
 t - a +2 flail of protection
 v - a +2 morningstar of protection (weapon)
 x - a +2 morningstar of holy wrath
Missiles
 q - 7 stones (quivered)
 w - 140 large rocks
Armour
 b - a +0 medium shield (worn)
 u - a +0 cloak (worn)
Magical Staves
 r - an uncursed staff of power
Jewellery
 k - a +3 ring of evasion (left hand)
 l - a +3 ring of strength (right hand)
Scrolls
 j - a scroll of blinking
 m - 2 scrolls of vulnerability
 n - 3 scrolls of remove curse
 o - 5 scrolls of amnesia
 p - a scroll of summoning
Potions
 a - a potion of lignification {unknown}
 c - 2 potions of might
 d - 7 potions of curing
 f - 13 potions of heal wounds
 g - 2 potions of haste
 h - 4 potions of magic
 i - 4 potions of berserk rage
Comestibles
 e - 9 rations {!d}
 s - 12 chunks of flesh


   Skills:
 - Level 11.0 Fighting
 - Level 12.1 Maces & Flails
 * Level 11.3 Throwing
 - Level 9.8 Dodging
 - Level 6.4 Stealth
 - Level 8.5 Shields
 - Level 11.0 Invocations
 - Level 8.5 Evocations


You had 10 spell levels left.
You didn't know any spells.
Your spell library was empty.

Dungeon Overview and Level Annotations

Branches:
Dungeon (1/1)

Altars:
Ashenzari
Cheibriados
Dithmenos
Elyvilon
Fedhas
Gozag
Hepliaklqana
Kikubaaqudgha
Lugonu
Makhleb
Nemelex Xobeh
Okawaru
Qazlal
Ru
Sif Muna
Trog
Uskayaw
Vehumet
Wu Jian
Xom
Yredelemnul
Zin
The Shining One
Beogh
Jiyva


Innate Abilities, Weirdness & Mutations

You move and act slowly.
You can pass through walls and trees.
Your branches can wield two-handed weapons with a shield.
Your thick bark is tough. (AC +18)
You are too large for most types of armour.
You are immune to negative energy. (rN+++)
Your system is resistant to poisons. (rPois)
You have a slow metabolism.
You are immune to unholy pain and torment.
You can survive without breathing.


Message History

The deep elf mage gestures at you while chanting.
The bolt of lightning misses you.
The deep elf mage points at you and mumbles some strange words.
The bolt of lightning hits you!
You see here a hippogriff skeleton.
You hit the deep elf mage but do no damage.
Your weapon exudes an aura of protection.
The deep elf mage gestures wildly while chanting.
The deep elf mage blinks!
The deep elf mage mumbles some strange words.
The deep elf mage blinks!
The deep elf mage casts a spell at you. The bolt of lightning misses you.
There is an open door, spattered with blood here.
The deep elf mage casts a spell at you. The bolt of lightning hits you!!
* * * LOW HITPOINT WARNING * * *
The deep elf mage points at you and mumbles some strange words.
The bolt of lightning hits you!!
You die...

.....+ .....# .....#
##### # #####
########
###...###..'...#
.##.).##..##).)###
..##'##..###†.÷'.##
.....÷....##...#@.##
.###÷###...##'##e..#
##...).##..#...#...#
+.......'..+...+...+
##.....##..#.÷.#...#
.###+###...##'##...#
.........)##...#..##
÷.##'##..###...+)##
.##..†##..##...###


You could see a deep elf mage.

Vanquished Creatures
  2 sea snakes (D)
  A deep elf knight (D)
  A flayed ghost (D)
  2 cyclopes (D)
  A lindwurm (D)
  2 deep elf magi (D)
  An orc sorcerer (D)
  A merfolk siren (D)
  A molten gargoyle (D)
  A guardian serpent (D)
  A cane toad (D)
  An efreet (D)
  An ice devil (D)
  A tyrant leech (D)
  A bog body (D)
  A hippogriff (D)
  A flying skull (D)
  A redback (D)
  A shadow (D)
  Eustachio (D)
  A crocodile (D)
  A water moccasin (D)
  Purgy (D)
  An ice beast (D)
  A sky beast (D)
  3 wolves (D)
  An ogre (D)
  A centaur (D)
  A gnoll sergeant (D)
  A quasit (D)
  An orc priest (D)
  A gnoll shaman (D)
  A worker ant (D)
  A mummy (D)
  A gnoll (D)
  An adder (D)
  A worm (D)
  4 orcs (D)
  A bat (D)
  A bat skeleton (D)
  A hobgoblin (D)
  2 jackals (D)
  2 frilled lizards (D)
  A giant cockroach zombie (D)
  A quokka skeleton (D)
  A rat (D)
56 creatures vanquished.

Vanquished Creatures (others)
  A quasit (D)
  An orc (D)
2 creatures vanquished.

Grand Total: 58 creatures vanquished

Notes
Turn   | Place    | Note
-------+----------+-------------------------------------------
     0 | D        | pasperui the Ent Fighter began the quest for the Orb.
     0 | D        | Reached XP level 1. HP: 25/25 MP: 1/1
    12 | D        | Reached skill level 3 in Maces & Flails
    16 | D        | Found a bloodstained altar of Trog.
    16 | D        | Found a shimmering blue altar of Sif Muna.
    16 | D        | Found a viscous altar of Jiyva.
    16 | D        | Found a hazy altar of Hepliaklqana.
    16 | D        | Found an opulent altar of Gozag.
    17 | D        | Found a glowing golden altar of the Shining One.
    17 | D        | Found a glowing silver altar of Zin.
    17 | D        | Found a basalt altar of Yredelemnul.
    17 | D        | Found a shimmering altar of Xom.
    17 | D        | Found an ornate altar of the Wu Jian Council.
    17 | D        | Found a sacrificial altar of Ru.
    17 | D        | Found a stormy altar of Qazlal.
    17 | D        | Found an iron altar of Okawaru.
    17 | D        | Found a sparkling altar of Nemelex Xobeh.
    17 | D        | Found a burning altar of Makhleb.
    17 | D        | Found a blossoming altar of Fedhas.
    17 | D        | Found a white marble altar of Elyvilon.
    17 | D        | Found a shadowy altar of Dithmenos.
    17 | D        | Found a snail-covered altar of Cheibriados.
    18 | D        | Found a radiant altar of Vehumet.
    18 | D        | Found a corrupted altar of Lugonu.
    18 | D        | Found a roughly hewn altar of Beogh.
    19 | D        | Found a hide-covered altar of Uskayaw.
    19 | D        | Found an ancient bone altar of Kikubaaqudgha.
    19 | D        | Found a shattered altar of Ashenzari.
    57 | D        | Became a worshipper of Cheibriados the Contemplative
    71 | D        | Reached skill level 4 in Maces & Flails
    72 | D        | Reached * piety under Cheibriados
    87 | D        | Reached ** piety under Cheibriados
    88 | D        | Reached skill level 5 in Maces & Flails
   100 | D        | Reached *** piety under Cheibriados
   101 | D        | Reached XP level 2. HP: 33/33 MP: 2/2
   129 | D        | Reached **** piety under Cheibriados
   130 | D        | Reached skill level 7 in Maces & Flails
   179 | D        | Noticed a centaur
   188 | D        | Killed a centaur
   189 | D        | Reached skill level 10 in Maces & Flails
   189 | D        | Reached XP level 3. HP: 12/40 MP: 3/3
   189 | D        | Reached XP level 4. HP: 15/49 MP: 4/4
   189 | D        | Reached ***** piety under Cheibriados
   190 | D        | Reached skill level 11 in Maces & Flails
   199 | D        | Reached skill level 12 in Maces & Flails
   199 | D        | Reached XP level 5. HP: 20/57 MP: 5/5
   287 | D        | Noticed a water moccasin
   295 | D        | Killed a water moccasin
   297 | D        | Noticed Eustachio
   300 | D        | Killed Eustachio
   301 | D        | Reached XP level 6. HP: 86/86 MP: 6/6
   320 | D        | Reached ****** piety under Cheibriados
   327 | D        | Reached skill level 5 in Stealth
   333 | D        | Reached XP level 7. HP: 95/95 MP: 7/7
   341 | D        | Noticed an orc sorcerer
   346 | D        | Killed an orc sorcerer
   347 | D        | Reached skill level 10 in Invocations
   351 | D        | Reached XP level 8. HP: 99/105 MP: 7/16
   461 | D        | Noticed a lindwurm
   461 | D        | Noticed Purgy
   467 | D        | Killed a lindwurm
   467 | D        | Noticed a tyrant leech
   471 | D        | Killed Purgy
   475 | D        | Killed a tyrant leech
   483 | D        | Noticed an efreet
   485 | D        | Reached XP level 9. HP: 111/113 MP: 15/17
   489 | D        | Killed an efreet
   490 | D        | Reached skill level 5 in Dodging
   493 | D        | Noticed a sea snake
   499 | D        | Killed a sea snake
   527 | D        | Noticed a merfolk siren
   531 | D        | Killed a merfolk siren
   538 | D        | Noticed a cyclops
   539 | D        | Noticed an ice devil
   555 | D        | Killed an ice devil
   556 | D        | Reached skill level 5 in Evocations
   559 | D        | Reached XP level 10. HP: 105/121 MP: 18/18
   587 | D        | Killed a cyclops
   602 | D        | Noticed a flayed ghost
   606 | D        | Killed a flayed ghost
   614 | D        | Noticed a deep elf knight
   614 | D        | Noticed a deep elf mage
   614 | D        | Noticed a deep elf mage
   615 | D        | Noticed a guardian serpent
   615 | D        | Noticed a deep elf mage
   616 | D        | Killed a deep elf mage
   617 | D        | Reached skill level 5 in Throwing
   619 | D        | Noticed a molten gargoyle
   619 | D        | Noticed a sea snake
   620 | D        | Noticed a cyclops
   631 | D        | Killed a molten gargoyle
   631 | D        | Killed a sea snake
   633 | D        | Killed a cyclops
   733 | D        | Noticed a cane toad
   741 | D        | Killed a cane toad
   757 | D        | Killed a guardian serpent
   757 | D        | Killed a deep elf knight
   758 | D        | Reached XP level 11. HP: 95/130 MP: 13/19
   760 | D        | Killed a deep elf mage
   767 | D        | Killed from afar by a deep elf mage

Skill      XL: |  1  2  3  4  5  6  7  8  9 10 |
---------------+-------------------------------+-----
Maces & Flails | 5 10 12 | 12.1
Fighting       | 11 | 11.0
Stealth        | 6 |  6.4
Invocations    | 11 | 11.0
Shields        | 8 |  8.5
Dodging        | 3 9 |  9.8
Evocations     | 6 8 |  8.5
Throwing       | 11 | 11.3

Action                   |  1- 3 |  4- 6 |  7- 9 | 10-12 || total
-------------------------+-------+-------+-------+-------++-------
Melee: Mace              |    31 |       |       |       ||    31
       Flail             |     8 |    45 |    13 |       ||    66
       Morningstar       |       |       |    53 |    43 ||    96
Throw: Stone             |       |       |     3 |       ||     3
Invok: Slouch            |       |       |     1 |     3 ||     4
  Use: Potion            |     2 |       |     1 |       ||     3
 Stab: Invisible         |       |     3 |     4 |       ||     7
       Sleeping          |       |     1 |     1 |     2 ||     4
  Eat: Chunk             |       |       |     2 |     2 ||     4
Armor: Skin              |    34 |    34 |    28 |    18 ||   114
Dodge: Dodged            |    30 |    22 |    44 |    52 ||   148
Block: Medium shield     |    28 |    28 |    81 |    42 ||   179
